Map: Prion Terraces

Players

LilDicky

  • Race: Terran Terran
  • League: Diamond

Gallio - Winner!

  • Race: Zerg Zerg
  • League: Diamond

VOD

http://www.twitch.tv/tumescentpie

Description

Time

  • Played on: Dec. 6, 2015, 6:44 p.m.
  • Length: 8:49
Show
View Real Time Build Order
Export as new Build Order

LilDicky Terran 

Build Orders: Mech 

Get SALT Encoding   

  12  0:01  SCV  
  13  0:13  SCV  
  14  0:17  Supply Depot  
  14  0:25  SCV  
  15  0:39  SCV  
  16  0:46  Refinery  
  16  0:49  Barracks  
  16  0:51  SCV  
  17  1:03  SCV  
  18  1:15  SCV  
  19  1:28  SCV  
  20  1:35  Refinery  
  20  1:37  Marine  
  20  1:38  Supply Depot  
  21  1:40  Orbital Command  
  21  1:55  Marine  
  22  2:05  SCV  
  23  2:14  Marine  
  24  2:18  SCV  
  25  2:30  SCV  
  25  2:31  Factory, Marine  
  27  2:41  Command Center  
  27  2:42  SCV  
  28  2:49  Marine  
  29  2:54  SCV  
  30  3:06  SCV  
  31  3:16  Supply Depot, Marine  
  31  3:18  SCV, Starport  
  31  3:19  Factory Tech Lab, Armory  
  33  3:30  SCV  
  34  3:37  Supply Depot  
  34  3:45  Marine  
  35  3:55  Orbital Command  
  35  4:03  Medivac  
  35  4:06  Thor  
  43  4:10  Marine  
  43  4:11  Barracks  
  43  4:14  SCV  
  43  4:15  Barracks  
  45  4:21  Orbital Command  
  45  4:26  SCV  
  46  4:34  Bunker  
  46  4:37  Medivac  
  48  4:40  Bunker  
  48  4:42  SCV  
  49  4:46  SCV, Barracks Tech Lab  
  50  4:54  SCV  
  51  5:02  Marine x2  
  53  5:18  Supply Depot  
  52  5:36  Siege Tank, Medivac  
  56  5:44  Command Center  
  56  5:47  Marine  
  56  5:48  Stimpack  
  56  5:49  Barracks Tech Lab  
  58  5:51  Barracks Reactor  
  58  5:53  Command Center  
  58  5:54  SCV x2  
  59  6:06  SCV  
  60  6:25  SCV x2  
  67  6:45  SCV x2  
  61  6:47  Marine x2  
  61  6:48  Marine x2  
  61  6:49  Starport Reactor  
  61  6:50  Thor  
  66  6:57  SCV x2  
  68  7:06  Marauder  
  70  7:09  SCV  
  70  7:10  SCV  
  72  7:21  SCV, Marine x3  
  76  7:27  Marine  
  76  7:29  Engineering Bay x2  
  77  7:30  SCV  
  77  7:33  SCV  
  77  7:36  Refinery  
  82  7:37  Thor, Refinery  
  85  7:45  SCV, Factory x2, Engineering Bay  
  85  7:46  Engineering Bay  
  85  7:47  SCV  
  87  7:52  SCV x2  
  87  7:57  SCV  
  90  7:59  SCV, Marine  
  92  8:08  Orbital Command  
  92  8:13  Marine  
  92  8:14  Command Center, Marauder, Marine  
  92  8:19  Command Center, SCV x2  
  98  8:26  Supply Depot  
Show
View Real Time Build Order
Export as new Build Order

Gallio Zerg - Winner!

Build Orders: Hatch First 

Get SALT Encoding   

  12  0:01  Drone  
  13  0:12  Overlord  
  13  0:18  Drone  
  14  0:30  Drone  
  14  0:31  Drone  
  14  0:35  Drone  
  17  0:45  Drone  
  18  0:56  Hatchery  
  17  1:11  Spawning Pool  
  17  1:14  Drone  
  17  1:15  Extractor  
  17  1:17  Drone  
  17  1:20  Drone  
  18  1:28  Drone  
  19  1:38  Overlord  
  19  1:50  Drone  
  20  1:58  Queen  
  20  2:00  Zergling x2  
  23  2:09  Drone  
  23  2:10  Queen  
  23  2:13  Drone  
  27  2:17  Metabolic Boost  
  27  2:21  Drone  
  27  2:22  Drone  
  29  2:32  Overlord  
  29  2:33  Drone  
  29  2:36  Queen  
  32  2:44  Drone  
  32  2:45  Drone  
  34  2:55  Drone x2  
  36  3:05  Drone, Overlord  
  36  3:20  Drone x2  
  36  3:25  Drone  
  36  3:26  Drone  
  40  3:28  Lair  
  40  3:29  Drone  
  40  3:30  Drone x2  
  43  3:35  Roach Warren  
  43  3:37  Extractor  
  43  3:39  Extractor  
  40  3:46  Zergling x2  
  40  3:47  Drone x2, Zergling x2  
  40  3:48  Drone  
  45  3:52  Hatchery  
  45  3:55  Drone x2  
  46  4:06  Drone x2  
  46  4:08  Drone  
  46  4:09  Drone x2  
  51  4:19  Overlord x2  
  51  4:33  Overlord x2  
  51  4:34  Overlord  
  51  4:41  Evolution Chamber  
  51  4:43  Evolution Chamber  
  51  4:44  Overlord x2  
  49  4:46  Glial Reconstitution  
  49  4:47  Roach  
  49  4:48  Roach x4  
  59  4:56  Overlord  
  59  4:57  Drone  
  60  5:06  Roach x2  
  62  5:14  Roach x3  
  62  5:15  Roach  
  62  5:17  Zerg Missile Weapons Level 1, Zerg Ground Armor Level 1  
  69  5:24  Zergling x4  
  69  5:25  Zergling x2  
  72  5:32  Zergling x4  
  72  5:47  Ravager x2  
  74  5:55  Roach  
  74  5:56  Roach x3  
  82  5:57  Zergling x8  
  85  6:17  Roach x5  
  94  6:33  Drone  
  94  6:34  Drone x3  
  98  6:50  Roach x5  
  98  6:51  Overlord x3, Roach x2  
  112  7:04  Drone x3  
  115  7:10  Roach  
  115  7:12  Ravager x2  
  119  7:16  Extractor  
  119  7:18  Extractor  
  119  7:19  Extractor  
  119  7:21  Drone  
  119  7:22  Drone x7  
  124  7:23  Ravager  
  125  7:30  Hatchery  
  124  7:40  Ravager  
  125  7:47  Drone x3  
  128  7:54  Roach  
  128  7:55  Roach x6  
  142  7:59  Overlord x4  
  142  8:00  Overlord  
  142  8:05  Drone x3  
  145  8:17  Drone x3  
  148  8:20  Overlord x5  
  142  8:30  Extractor  
  142  8:32  Extractor  
Tags
 
Add a new tag
Caveats
  • Supply blocks, unpowered buildings, or Contaminate may cause inaccurate times.
  • Supply counts are checked every 10 seconds.